 Dungeon Crawl Stone Soup version 0.29-a0-451-gfbfa42419e (webtiles) character file.

Game seed: 14369900094811136783

66311 hquester the Fighter (level 14, 0/148 HPs)
             Began as a Troll Berserker on May 19, 2022.
             Was an Elder of Trog.
             Slain by an orc knight
             ... wielding a +2 battleaxe of electrocution
              (18 damage)
             ... on level 2 of the Orcish Mines.
             The game lasted 02:08:13 (20394 turns).

hquester the Fighter (Troll Berserker)             Turns: 20394, Time: 02:08:16

Health: 0/148      AC: 22    Str: 28    XL:     14   Next: 78%
Magic:  0/13       EV: 15    Int:  3    God:    Trog [****..]
Gold:   2519       SH:  0    Dex: 13    Spells: 13/13 levels left

rFire   x . .      SeeInvis .   s - +7 club (spect)
rCold   + + .      Faith    .   (no shield)
rNeg    . . .      Spirit   +   T - +2 ice dragon scales
rPois   .          Reflect  .   x - +2 hat
rElec   .          Harm     .   k - +2 cloak
rCorr   .          Rampage  .   (gloves unavailable)
Will    ++...                   (boots unavailable)
Stlth   ..........              q - amulet of guardian spirit
HPRegen 1.14/turn               G - ring of willpower
MPRegen 0.13/turn               m - +4 ring of evasion

@: about to teleport, on berserk cooldown, slowed, very slow
A: large, unfitting armour, claws 3, regeneration 1, shaggy fur 1, tough skin 1
a: Renounce Religion, Berserk, Trog's Hand, Brothers in Arms


You were on level 2 of the Orcish Mines.
You worshipped Trog.
Trog was greatly pleased with you.
You visited 4 branches of the dungeon, and saw 20 of its levels.
You also visited: Ossuary and Bailey.

You collected 2519 gold pieces.

Inventory:

Hand Weapons
 c - a +6 dire flail of flaming
 s - a +7 spectral club (weapon)
 z - a +5 mace
 C - a +3 morningstar of protection
 Q - a +5 antimagic great mace
Missiles
 y - 4 large rocks (quivered)
Armour
 k - a +2 cloak (worn)
 x - a +2 hat (worn)
 D - a scarf of repulsion
 T - +2 ice dragon scales (worn)
Jewellery
 m - a +4 ring of evasion (right claw)
 q - an amulet of guardian spirit (around neck)
 v - a ring of poison resistance
 w - a ring of see invisible
 B - a +6 ring of dexterity
 G - a ring of willpower (left claw)
 P - a ring of poison resistance
Wands
 d - a wand of paralysis (5)
 f - a wand of mindburst (15)
 j - a wand of polymorph (14)
 t - a wand of acid (23)
 J - a wand of iceblast (23)
 N - a wand of flame (10)
 Z - a wand of digging (3)
Scrolls
 g - 3 scrolls of blinking
 h - a scroll of immolation
 p - a scroll of fog
 A - a scroll of torment
 I - 3 scrolls of identify
 Y - a scroll of magic mapping {unknown}
Potions
 a - 2 potions of mutation
 b - 3 potions of flight
 e - a potion of magic
 i - 5 potions of might
 l - 8 potions of curing
 n - 2 potions of lignification
 r - 2 potions of berserk rage
 u - 2 potions of attraction
 H - a potion of invisibility
 K - 3 potions of haste
 M - 3 potions of ambrosia
Miscellaneous
 W - a phantom mirror


   Skills:
 + Level 11.9 Fighting
 + Level 9.7 Maces & Flails
 + Level 7.5 Throwing
 + Level 9.1 Armour
 + Level 9.7 Dodging
 + Level 11.5 Unarmed Combat


You had 13 spell levels left.
You didn't know any spells.
Your spell library was empty.

Dungeon Overview and Level Annotations

Branches:
Dungeon (11/15)            Temple (1/1) D:7            Lair (6/6) D:8
  Swamp (0/4) Lair:4       Spider (0/4) Lair:3        Slime (0/5) Lair:6
    Orc (2/2) D:10            Elf (0/3) Orc:2       Ossuary (visited)
 Bailey (visited)

Altars:
Ashenzari
Cheibriados
Dithmenos
Elyvilon
Fedhas
Gozag
Hepliaklqana
Kikubaaqudgha
Makhleb
Nemelex Xobeh
Okawaru
Qazlal
Ru
Sif Muna
Trog
Uskayaw
Vehumet
Wu Jian
Xom
Yredelemnul
Zin
The Shining One
Beogh
Jiyva

Shops:
D:4 !   D:5 [   D:7 !   Orc:1 [=

Annotations:
D:9 4 runed translucent doors


Innate Abilities, Weirdness & Mutations

You are too large for most types of armour.
You have claws for hands.
Your natural rate of healing is unusually fast.
You are covered in fur. (AC +1)
You have tough skin. (AC +1)


Message History

You hear a shout!
The orc sorcerer casts a spell at you. The bolt of fire hits you!!!
The fire burns you terribly!
The orc knight hits your +7 spectral club with a +2 battleaxe of electrocution!!
Your spectral weapon shares its damage with you!
The orc knight hits you with a +2 battleaxe of electrocution.
* * * LOW HITPOINT WARNING * * *
The soul eater hits you but does no damage.
The orc knight misses you.
The orc knight completely misses your +7 spectral club.
The orc sorcerer hits you but does no damage.
You feel much better.
Your skin stops crawling.
You feel less strong-willed. The soul eater misses you.
The orc knight roars a battlecry!
The soul eater draws from the surrounding life force!
The soul eater is healed.
Unknown command.
Okay, then.
As you read the scroll of teleportation, it crumbles to dust.
You feel strangely unstable.
The orc sorcerer hits you with a +0 dagger.
An orc warlord comes into view. It is wielding a +0 battleaxe.
The orc knight barely misses you. The soul eater barely misses you.
The orc warrior barely misses you.
The orc knight hits you but does no damage.
The orc sorcerer misses you.
You thump the orc sorcerer!
The orc sorcerer is moderately wounded.
Your +7 spectral club hits the orc sorcerer!
The soul eater draws from the surrounding life force!
The soul eater is healed.
The orc warrior hits you with a +0 battleaxe.
The orc sorcerer barely misses you.
The orc warlord roars a battlecry!
The orc knight goes into a battle-frenzy!
The orc knight hits you with a +2 battleaxe of electrocution!!!
* * * LOW HITPOINT WARNING * * *
You are electrocuted!!
You die...

#.#####.#....# #.#.#....#...# ..
.............# ...
.............## ....
......)).#....# #.....#
.....##)......# .........
....####....)#####.........######
...## ##.)##..8oo...........8..#
..## #....).)(@3....o..........
...# ##........o...._........§)
#.# #........).............5§§
### ##......8........3....8..§ #.
##...#####.........#####. .#
.....# ...... ## .## .....##
.#.... ..#.. ##... ##.... .....


You could see an orc warlord (strong), an orc knight (strong), a soul eater
(summoned), an orc sorcerer (strong), an orc warrior (strong) and a friendly +7
spectral club (summoned).

Vanquished Creatures
  2 orc warlords
  Azrael (Orc:2)
  Nessos (Orc:2)
  A fire dragon (Lair:6)
  Fannar (D:11)
  An ice dragon (Lair:6)
  4 hydras
  2 catoblepae
  2 centaur warriors
  2 two-headed ogres
  2 orc high priests (Orc:2)
  Urug (Orc:2)
  Sonja (D:10)
  Nergalle (Lair:4)
  An orb spider (Lair:3)
  A swamp dragon (Lair:6)
  Pikel (D:8)
  3 orc knights
  3 lindwurms
  6 orc sorcerers
  3 black mambas
  6 torpor snails
  4 elephants
  A gargoyle (D:11)
  2 unseen horrors
  10 cane toads
  9 rime drakes
  11 komodo dragons
  2 polar bears
  3 tyrant leeches (Lair:6)
  2 trolls
  24 blink frogs
  4 dream sheep (Lair:5)
  8 hornets (Lair:6)
  A vampire (D:10)
  2 wraiths
  60 yaks
  2 shadows (D:10)
  4 basilisks
  6 wyverns
  3 fire elementals (Orc:2)
  2 steam dragons (Lair:6)
  A swamp worm (Lair:2)
  5 wargs
  Menkaure (D:4)
  2 acid dragons (Lair:6)
  15 water moccasins
  4 hell hounds (Orc:2)
  A sky beast (D:6)
  35 orc warriors
  A black bear (D:8)
  10 wolves
  6 ogres
  4 centaurs
  A lemure (D:8)
  A phantom (D:10)
  10 bullfrogs
  2 gnoll sergeants
  A necrophage (D:8)
  3 scorpions
  14 wights
  13 killer bees
  6 howler monkeys
  3 electric eels
  A human zombie (Ossuary)
  5 hounds
  22 orc priests
  Crazy Yiuf (D:6)
  3 gnoll shamans
  4 iguanas (Lair:6)
  Ijyb (D:4)
  20 orc wizards
  7 hell rats (Lair:4)
  8 ogre zombies (D:10)
  2 mummies (Ossuary)
  Robin (D:4)
  21 gnolls
  8 adders
  2 shadow imps
  A white imp (D:6)
  An ufetubus (D:4)
  11 worms
  2 dart slugs
  70 orcs
  8 bats
  7 endoplasms
  3 giant cockroaches
  3 gnoll zombies (Ossuary)
  15 goblins
  6 hobgoblins
  10 jackals
  4 quokkas
  8 ball pythons
  2 frilled lizards
  A goblin skeleton (D:10)
  10 goblin zombies
  2 hobgoblin skeletons (D:10)
  2 hobgoblin zombies (D:10)
  6 kobolds
  5 orc skeletons (D:10)
  15 orc zombies
  5 rats
648 creatures vanquished.

Vanquished Creatures (collateral kills)
  4 orc warriors (Orc:2)
  An ogre (Orc:2)
  2 wolves (Lair:1)
  An orc priest (Orc:2)
  An orc (Orc:2)
9 creatures vanquished.

Vanquished Creatures (others)
  A hell hound (Orc:2)
  An orc wizard (Orc:1)
  A hobgoblin (D:4)
  17 fungi
  64 plants
84 creatures vanquished.

Grand Total: 741 creatures vanquished

Notes
Turn   | Place    | Note
-------+----------+-------------------------------------------
     0 | D:1      | hquester the Troll Berserker began the quest for the Orb.
     0 | D:1      | Reached XP level 1. HP: 22/22 MP: 0/0
    58 | D:1      | Reached XP level 2. HP: 24/29 MP: 1/1
   279 | D:1      | Found a faded altar of an unknown god.
   644 | D:2      | Reached XP level 3. HP: 36/36 MP: 2/2
   647 | D:2      | Reached ** piety under Trog
  1114 | D:2      | Reached XP level 4. HP: 44/45 MP: 3/3
  2017 | D:3      | Reached XP level 5. HP: 26/53 MP: 4/4
  2024 | D:3      | Reached skill level 1 in Armour
  2788 | D:4      | Found Moylesti's Distillery.
  2832 | D:4      | Noticed Robin
  2837 | D:4      | Killed Robin
  2843 | D:4      | Noticed Ijyb
  2861 | D:4      | Noticed Menkaure
  2878 | D:4      | Killed Menkaure
  2879 | D:4      | Reached XP level 6. HP: 46/62 MP: 1/5
  2886 | D:4      | Killed Ijyb
  2955 | D:4      | Reached *** piety under Trog
  3345 | D:5      | Entered Level 5 of the Dungeon
  3345 | D:5      | Found Wiecia's Armour Boutique.
  3549 | D:5      | Reached XP level 7. HP: 69/71 MP: 4/6
  3558 | D:5      | Reached skill level 1 in Maces & Flails
  3639 | D:5      | Found a sand-covered staircase.
  3645 | Ossuary  | Entered an ossuary
  4093 | D:6      | Found a runed translucent door.
  4094 | D:6      | Noticed Crazy Yiuf
  4214 | D:6      | Reached skill level 5 in Fighting
  4214 | D:6      | Reached skill level 5 in Unarmed Combat
  4215 | D:6      | Reached **** piety under Trog
  4457 | D:6      | Reached XP level 8. HP: 62/80 MP: 3/7
  4829 | D:6      | Killed Crazy Yiuf
  5050 | D:7      | Found Gakef's Distillery.
  5352 | D:7      | Found a staircase to the Ecumenical Temple.
  5364 | D:7      | Reached XP level 9. HP: 90/91 MP: 8/8
  5378 | Temple   | Entered the Ecumenical Temple
  6148 | D:8      | Reached skill level 5 in Dodging
  6164 | D:8      | Found a shadowy altar of Dithmenos.
  6164 | D:8      | Found a hide-covered altar of Uskayaw.
  6165 | D:8      | Found a shimmering blue altar of Sif Muna.
  6623 | D:8      | Found a staircase to the Lair.
  6679 | D:8      | Identified the +6 scale mail of Compression {rF+ Int+2}
  6818 | D:8      | Found a burning altar of Makhleb.
  6818 | D:8      | Found an ornate altar of the Wu Jian Council.
  7143 | D:8      | Reached XP level 10. HP: 102/102 MP: 9/9
  7374 | D:9      | Noticed a centaur warrior
  7405 | D:9      | Found a huge runed translucent gate.
  7405 | D:9      | Found a huge runed translucent gate.
  7405 | D:9      | Found a huge runed translucent gate.
  7405 | D:9      | Found a huge runed translucent gate.
  7405 | D:9      | Noticed a death yak
  7483 | D:9      | Killed a centaur warrior
  7484 | D:9      | Reached skill level 5 in Maces & Flails
  7484 | D:9      | Reached skill level 5 in Armour
  7666 | D:9      | Noticed Pikel
  7717 | D:8      | Killed Pikel
  8330 | D:10     | Entered Level 10 of the Dungeon
  8368 | D:10     | Noticed Sonja
  8387 | D:10     | Found a staircase to the Orcish Mines.
  8393 | D:10     | Killed Sonja
  8455 | D:10     | Reached XP level 11. HP: 89/113 MP: 6/10
  8571 | D:10     | Reached ***** piety under Trog
  8855 | D:10     | Found a white marble altar of Elyvilon.
  9015 | D:10     | Noticed a two-headed ogre
  9021 | D:10     | Killed a two-headed ogre
  9038 | D:10     | Found a flagged portal.
  9054 | Bailey   | Entered a bailey
  9084 | Bailey   | Reached skill level 1 in Throwing
  9361 | Bailey   | Noticed an orc knight
  9378 | D:10     | HP: 6/172 [orc knight/+0 halberd (28)]
  9379 | D:10     | Killed an orc knight
  9818 | D:11     | Noticed a two-headed ogre
  9823 | D:11     | Killed a two-headed ogre
  9971 | D:11     | Noticed a centaur warrior
  9986 | D:11     | Killed a centaur warrior
 10139 | D:11     | Noticed Fannar
 10171 | D:11     | Killed Fannar
 10547 | Lair:1   | Entered Level 1 of the Lair of Beasts
 10630 | Lair:1   | Reached XP level 12. HP: 98/126 MP: 7/11
 10686 | Lair:1   | Reached skill level 10 in Fighting
 10739 | Lair:1   | Noticed a seven-headed hydra
 10774 | Lair:1   | Killed a seven-headed hydra
 11627 | Lair:2   | Noticed a catoblepas
 11669 | Lair:1   | Killed a catoblepas
 12938 | Lair:3   | Noticed a six-headed hydra
 12940 | Lair:3   | Killed a six-headed hydra
 13203 | Lair:3   | Found a hole to the Spider Nest.
 13875 | Lair:3   | Reached XP level 13. HP: 80/136 MP: 5/12
 14014 | Lair:4   | Reached skill level 5 in Throwing
 14131 | Lair:4   | Reached skill level 10 in Unarmed Combat
 14477 | Lair:4   | Noticed Nergalle
 14651 | Lair:4   | Found a staircase to the Swamp.
 14794 | Lair:4   | Killed Nergalle
 15376 | Lair:5   | Received a gift from Trog
 15948 | Lair:5   | Identified the +2 halberd of Bloody Death {vorpal, rElec
                  | rC+ Str+4 Int-3}
 16049 | Lair:6   | Entered Level 6 of the Lair of Beasts
 16687 | Lair:6   | Found a staircase to the Slime Pits.
 16688 | Lair:6   | Found a viscous altar of Jiyva.
 16903 | Lair:6   | Found a runed translucent door.
 16914 | Lair:6   | Reached XP level 14. HP: 146/146 MP: 13/13
 18088 | Orc:1    | Entered Level 1 of the Orcish Mines
 18088 | Orc:1    | Found Senlunir's Jewellery Emporium.
 18182 | Orc:2    | Entered Level 2 of the Orcish Mines
 18223 | Orc:2    | Paralysed by an orc sorcerer for 5 turns
 18232 | Orc:2    | Noticed Urug
 18270 | Orc:1    | Paralysed by an orc sorcerer for 3 turns
 18398 | Orc:2    | Killed Urug
 18452 | Orc:2    | Noticed an orc warlord
 18492 | Orc:1    | Received a gift from Trog
 18727 | Orc:2    | Killed an orc warlord
 18991 | Orc:1    | Found Zoamanaa's Antique Armour Boutique.
 19039 | Orc:1    | Noticed an orc warlord
 19125 | Orc:1    | Killed an orc warlord
 19585 | Orc:2    | Found a burning altar of Makhleb.
 19831 | Orc:2    | Noticed Azrael
 19855 | Orc:2    | Killed Azrael
 19911 | Orc:2    | Found a staircase to the Elven Halls.
 20047 | Orc:2    | Paralysed by an orc sorcerer for 5 turns
 20201 | Orc:2    | Noticed Nessos
 20208 | Orc:2    | Killed Nessos
 20393 | Orc:2    | Noticed an orc warlord
 20394 | Orc:2    | Slain by an orc knight

Illustrated notes

Levels and vault maps discovered:
D:1:      giann_bridges, layout_basic, ebering_ecumenical_altar_abandoned
D:2:      layout_basic, lightli_corner_chamber
D:3:      layout_loops_corners
D:4:      layout_cave_pools, serial_shops, nicolae_shop_hallway_plus,
          uniq_menkaure, uniq_ijyb, uniq_robin
D:5:      layout_basic, lightli_ossuary_entry_decrepit_ruins, serial_shops,
          nicolae_stop_n_shop_1, nicolae_wormholes
D:6:      layout_basic, serial_rivers, chequers_serial_rivers_micro_a,
          chequers_serial_rivers_room_a, chequers_serial_rivers_micro_a,
          chequers_serial_rivers_small_b, chequers_serial_rivers_micro_d,
          chequers_serial_rivers_micro_e, uniq_crazy_yiuf_cottage
D:7:      layout_basic, minmay_temple_entry_proselytizer, serial_shops,
          kennysheep_little_box
D:8:      layout_basic, nicolae_overflow_hidden_temple,
          erik_lair_orcish_takeover
D:9:      lemuel_bear_cage, layout_layer_cave, uniq_pikel
D:10:     layout_basic, marbit_many_paths, zombieorc2_lemuel, enter_bailey_5,
          kennysheep_generic_room_6, uniq_sonja
D:11:     layout_roguey, uniq_fannar
Temple:   nicolae_temple_elliptical
Lair:1:   layout_chaotic_city, patterned_corridor, grunt_megastairs_4
Lair:2:   layout_regular_city, worms_lemuel, lemuel_fruit_tree,
          serial_bayou_shore_a
Lair:3:   layout_cave_pods, nicolae_spider_entry_orb_guardian,
          nicolae_lair_grove_arrangements, hibernation_bobbens,
          infiniplex_staircase_pool_2, serial_bayou_shore_b
Lair:4:   layout_loops_ring, swamp_mist, infiniplex_staircase_pool,
          grunt_megastairs_2, serial_bayou_shore_b, uniq_nergalle
Lair:5:   layout_regular_city, dreamdust_mushroom_princess, serial_bayou_pond_b,
          serial_bayou_shore_b
Lair:6:   guppyfry_lair_end_dragon, layout_layer_cave, wormcave, slime_altar_1
Orc:1:    layout_caves, portal_ice_cave_rime, serial_shops,
          nicolae_shop_waterfront, nicolae_shop_window_shopping
Orc:2:    grunt_orc_cross, layout_diamond_mine, basic_altar, uniq_urug,
          uniq_azrael, uniq_nessos

Skill      XL: |  1  2  3  4  5  6  7  8  9 10 11 12 13 14 |
---------------+-------------------------------------------+-----
Fighting       | 3 4 5 6 7 8 9 10 11 | 11.9
Dodging        | 3 4 5 6 7 8 9 |  9.7
Armour         | 1 2 3 4 5 6 7 8 9 |  9.1
Unarmed Combat | 4 5 6 7 8 9 10 11 | 11.5
Maces & Flails | 2 3 4 5 6 7 8 9 |  9.7
Throwing       | 3 4 6 7 |  7.5

Action                   |  1- 3 |  4- 6 |  7- 9 | 10-12 | 13-15 || total
-------------------------+-------+-------+-------+-------+-------++-------
Melee: Unarmed           |    77 |   179 |   362 |   355 |       ||   973
       Punch             |       |     2 |     8 |    36 |   103 ||   149
       Club              |       |       |       |   180 |   913 ||  1093
       Morningstar       |       |       |       |   141 |       ||   141
Throw: Large rock        |       |       |       |     9 |     9 ||    18
Invok: Berserk           |       |     1 |    10 |    13 |    19 ||    43
       Trog's Hand       |       |     1 |     7 |     6 |     4 ||    18
       Brothers in Arms  |       |       |       |     3 |     3 ||     6
  Use: Scroll            |       |    13 |     9 |     8 |    12 ||    42
       Potion            |       |     1 |     4 |     4 |     3 ||    12
 Stab: Sleeping          |       |       |     1 |     2 |       ||     3
       Distracted        |       |       |       |     2 |    21 ||    23
Armor: Animal skin       |    17 |    50 |    94 |    85 |       ||   246
       Troll leather arm |       |       |       |   116 |   157 ||   273
       Ice dragon scales |       |       |       |       |   195 ||   195
Dodge: Dodged            |    48 |    87 |   234 |   491 |   645 ||  1505

Table legend: (Time is in decaauts)
 A = Elapsed time spent in this place.
 B = Non-inter-level travel time spent in this place.
 C = Inter-level travel time spent in this place.
 D = Time resting spent in this place.
 E = Time spent auto-exploring this place.
 F = Levels seen in this place.
 G = Mean time per level.
                   A        B        C        D        E       F      G
               +--------+--------+--------+--------+--------+-----+--------+
         Total |  20797 |  20077 |    720 |   1860 |  11798 |  22 |  945.3 |
       Dungeon |  10204 |   9779 |    425 |    601 |   6642 |  11 |  927.6 |
        Temple |    159 |    131 |     28 |      0 |    118 |   1 |  159.0 |
          Lair |   7617 |   7358 |    259 |    525 |   4204 |   6 | 1269.5 |
  Orcish Mines |   2309 |   2302 |      7 |    688 |    743 |   2 | 1154.5 |
       Ossuary |    122 |    122 |      0 |      0 |     41 |   1 |  122.0 |
        Bailey |    383 |    383 |      0 |     46 |     49 |   1 |  383.0 |
               +--------+--------+--------+--------+--------+-----+--------+

Top non-repeatable levels by time:
  Lair:6: 1878 daAuts
  Lair:3: 1383 daAuts
     D:8: 1239 daAuts
    D:10: 1237 daAuts
   Orc:2: 1235 daAuts
  Lair:1: 1233 daAuts
     D:2: 1168 daAuts
  Lair:4: 1136 daAuts
     D:7: 1105 daAuts
     D:9: 1088 daAuts
   Orc:1: 1073 daAuts
  Lair:2: 999 daAuts
     D:3: 989 daAuts
  Lair:5: 986 daAuts
     D:6: 871 daAuts
